 Dungeon Crawl Stone Soup version 0.30-b1-2-g02819fbbbe (webtiles) character file.

Game seed: 14361087645379342995

146 Alarkh the Insei (level 5, 41/41 HPs)
             Began as a Demonspawn Chaos Knight on May 20, 2023.
             Was a Plaything of Xom.
             Got out of the dungeon alive.
             The game lasted 00:04:57 (2323 turns).

Alarkh the Insei (Demonspawn Chaos Knight)          Turns: 2323, Time: 00:04:58

Health: 41/41      AC:  5    Str: 12    XL:     5   Next: 7%
Magic:  5/5        EV: 11    Int: 15    God:    Xom [...*..]
Gold:   146        SH:  0    Dex: 17    Spells: 4/4 levels left

rFire   . .          .
                       - Unarmed
rCold   . . .        (no shield)
rNeg    . . .        a - +2 leather armour
rPois   .            (helmet restricted)
rElec   .            (no cloak)
rCorr   .            (no gloves)
SInv    .            (no boots)
Will    .....        (no amulet)
Stlth   +++          i - ring of flight
HPRegen 1.06/turn    (no ring)
MPRegen 0.09/turn

%: no passive effects
@: flying
A: claws 1, demonic guardian 1, ignite blood 1, antennae 1, thin skeletal
structure 2, regeneration 1, teleportitis 1, subdued magic 1
a: Renounce Religion


You escaped.
You worshipped Xom.
You were a favourite toy of Xom.
You visited 1 branch of the dungeon, and saw 3 of its levels.

You collected 174 gold pieces.
You spent 28 gold pieces at shops.

Inventory:

Armour
 a - a +2 leather armour (worn)
 c - a +0 helmet
Magical Staves
 l - a staff of earth
Jewellery
 e - an amulet of guardian spirit
 i - a ring of flight (left claw)
Scrolls
 d - a scroll of enchant armour
 f - 2 scrolls of fog {unknown}
 g - 2 scrolls of teleportation {unknown}
 j - a scroll of enchant weapon {unknown}
 o - a scroll of vulnerability {unknown}
 p - a scroll of immolation {unknown}
 r - a scroll of identify
Potions
 h - 3 potions of resistance
 k - a potion of curing
 m - a potion of haste
 n - 2 potions of attraction {unknown}
Miscellaneous
 b - a piece from Xom's chessboard (15/15) (quivered)


   Skills:
 + Level 3.4 Fighting
 - Level 1.7 Armour
 - Level 0.8 Dodging
 * Level 5.0 Unarmed Combat


You had 4 spell levels left.
You didn't know any spells.
Your spell library was empty.

Dungeon Overview and Level Annotations

Branches:
Dungeon (3/15)

Altars:
Okawaru
Xom

Shops:
D:2 *


Innate Abilities, Weirdness & Mutations

You have sharp fingernails.
A weak demonic guardian rushes to your aid.
Your demonic aura sometimes causes spilled blood to erupt in flames.
You have a pair of small antennae on your head.
You have a moderately thin skeletal structure. (Dex +4, Stealth++)
Your natural rate of healing is unusually fast.
You are occasionally teleported next to monsters.
Your spells are a little easier to cast, but a little less powerful.


Message History

The hobgoblin hits you but does no damage.
You claw the hobgoblin!
You kill the hobgoblin!
No target in view!
No target in view!
No target in view!
No target in view!
(D) Dungeon
Where to? (Enter - D:3, ? - help)
What level of the Dungeon? (default 1, ? - help)
Okay, then.
Unknown command.
There is an open door here.
There is a shimmering altar of Xom here.
There is a shimmering altar of Xom here.
You see here a +0 plate armour.
There is a stone staircase leading up here.
You fly upwards.
There is a stone staircase leading down here.
(D) Dungeon
Where to? (Enter - D:3 @ (x,y), ? - help)
There is a stone staircase leading up here.
You fly upwards.
There is a stone staircase leading down here.
(D) Dungeon
Where to? (Enter - D:1, ? - help)
Okay, then.
(D) Dungeon
Where to? (Enter - D:1, ? - help)
What level of the Dungeon? (default 1, ? - help) You're already here!
Unknown command.
You feel a little less mighty now.
Things that are here:
a +0 short sword; a +0 dagger
There is an open gate here.
There is an open door here.
There is a staircase leading out of the dungeon here.
Are you sure you want to leave the Dungeon?
This will make you lose the game!
You have escaped!

#................##
#♣...♣♣#'''#♣♣♣....
#..♣♣###...###♣....
#♣♣♣ #.......##♣♣..
####..8.8..####♣♣
###..#.......#..###
#....'.8.....#....#
#....#...⌠...#....#
#.@..#.8...8.'..⌠.#
#....#..[8...#....#
###################


There were no monsters in sight!

Vanquished Creatures
  7 adders
  2 worms
  3 ball pythons (D:1)
  9 bats
  6 endoplasms
  4 giant cockroaches (D:1)
  6 hobgoblins
  6 kobolds
  2 quokkas
  3 frilled lizards
  17 goblins
  6 rats
71 creatures vanquished.

Notes
Turn   | Place    | Note
-------+----------+-------------------------------------------
     0 | D:1      | Alarkh the Demonspawn Chaos Knight began the quest for the
                  | Orb.
     0 | D:1      | Reached XP level 1. HP: 18/18 MP: 1/1
    81 | D:1      | XOM: silly message
    85 | D:1      | Reached skill level 3 in Unarmed Combat
    94 | D:1      | Gained mutation: You have sharp fingernails. [demonic
                  | ancestry]
    94 | D:1      | Reached XP level 2. HP: 9/24 MP: 2/2
   334 | D:1      | XOM: 2-stop teleportation journey
   385 | D:1      | XOM: give mutations
   385 | D:1      | Gained mutation: You have a pair of small antennae on your
                  | head. [Xom's grace]
   385 | D:1      | Gained mutation: You have a somewhat thin skeletal
                  | structure. (Dex +2, Stealth+) [Xom's grace]
   385 | D:1      | Gained mutation: You have a moderately thin skeletal
                  | structure. (Dex +4, Stealth++) [Xom's grace]
   385 | D:1      | Gained mutation: Your spells are a little harder to cast,
                  | but a little more powerful. [Xom's grace]
   423 | D:1      | Gained mutation: A weak demonic guardian rushes to your
                  | aid. [demonic ancestry]
   423 | D:1      | Reached XP level 3. HP: 29/29 MP: 3/3
   760 | D:2      | Found an iron altar of Okawaru.
   805 | D:2      | Identified the +6 short sword of Extremism {antimagic,
                  | Int+4}
   961 | D:2      | Found Coetwu's General Store.
   983 | D:2      | XOM: polymorph dart slug -> adder
   987 | D:2      | Reached skill level 4 in Unarmed Combat
  1008 | D:2      | Bought a scroll of identify for 28 gold pieces
  1108 | D:2      | Reached XP level 4. HP: 20/35 MP: 4/4
  1433 | D:2      | XOM: summons 3 hostile shadow creatures
  1576 | D:3      | XOM: scenery: create altars
  1635 | D:3      | XOM: give mutations
  1635 | D:3      | Gained mutation: You are occasionally teleported next to
                  | monsters. [Xom's mischief]
  1635 | D:3      | Lost mutation: Your spells are a little harder to cast, but
                  | a little more powerful. [Xom's mischief]
  1635 | D:3      | Gained mutation: Your natural rate of healing is unusually
                  | fast. [Xom's mischief]
  1635 | D:3      | Gained mutation: Your spells are a little easier to cast,
                  | but a little less powerful. [Xom's mischief]
  1737 | D:3      | Found an iron altar of Okawaru.
  1855 | D:3      | XOM: summons 4 hostile shadow creatures
  2198 | D:3      | XOM: potion effect (might)
  2206 | D:3      | Gained mutation: Your demonic aura sometimes causes spilled
                  | blood to erupt in flames. [demonic ancestry]
  2206 | D:3      | Reached XP level 5. HP: 41/41 MP: 5/5
  2208 | D:3      | Reached skill level 5 in Unarmed Combat
  2323 | D:$      | Got out of the dungeon alive.

Illustrated notes

Levels and vault maps discovered:
D:1:      sevenhm_arrival_forest_fort_large_2, layout_rooms
D:2:      layout_loops_ring, basic_altar, serial_shops, shop, minmay_between
D:3:      cheibrodos_greedy_goblins, layout_basic,
          mainiacjoe_overflow_concentric_impassable

Skill      XL: |  1  2  3  4  5 |
---------------+----------------+-----
Unarmed Combat | 3 4 5 |  5.0
Fighting       | |  3.4
Armour         | |  1.7
Dodging        | |  0.8

Action                     |  1- 3 |  4- 6 || total
---------------------------+-------+-------++-------
  Melee: Unarmed           |   138 |   120 ||   258
         Punch             |     3 |     2 ||     5
    Use: Scroll            |     2 |     2 ||     4
         Potion            |       |     2 ||     2
   Stab: Sleeping          |     8 |     6 ||    14
 Armour: Leather armour    |    62 |    40 ||   102
  Dodge: Dodged            |    96 |    59 ||   155
